 Seeded DCSS version 0.30-a0-739-gea05faddec (webtiles) character file.

Game seed: 394332929563463235 (custom seed)

672074 timneilson the Hoplite (level 27, 0/158 HPs)
             Began as a Gargoyle Fighter on Feb 4, 2023.
             Was a High Priest of Okawaru.
             Slain by an Orb Guardian (4 damage)
             ... on level 5 of the Realm of Zot.
             The game lasted 04:08:39 (59067 turns).

timneilson the Hoplite (Gargoyle Fighter)          Turns: 59067, Time: 04:08:40

Health: 0/158      AC: 69    Str: 23 (24) XL:     27
Magic:  39/39      EV: 16    Int:  9      God:    Okawaru [*****.]
Gold:   7829       SH: 25    Dex: 25      Spells: 26/26 levels left

rFire   + . .      SeeInvis .    N - +9 double sword (heavy)
rCold   + . .      Faith    .    j - +5 kite shield {reflect}
rNeg    + . .      Spirit   .    E - +9 scales of the Dragon King {rPois rF+ rC+ Will+}
rPois   ∞          Reflect  +    Q - +2 hat {Stlth+}
rElec   +          Harm     .    c - +2 cloak {Will+}
rCorr   +          Rampage  .    X - +0 pair of gloves of the Spheres {rPois Regen+ rCorr}
Will    +++++                    S - +3 pair of mountain boots {steadfast, rC+} Stlth
                                 y - amulet of regeneration
HPRegen 0.00/turn                o - ring of willpower
MPRegen 0.26/turn                T - ring "Tabet" {Will+ Str+2 Dex+6}

@: flying, inhibited regen, studying 3 skills, unable to read
A: sickness immunity, AC +20, big wings, negative energy resistance 1,
electricity resistance, torment resistance 1, petrification resistance,
deterioration 1, dopey 1, frail 1, high MP 1, strong-willed 1, screaming 1,
inhibited regeneration, cold vulnerability 1, subdued magic 1, inability to read
after injury 1
}: 4/15 runes: decaying, serpentine, slimy, silver
a: Renounce Religion, Heroism, Finesse, Duel


You were on level 5 of the Realm of Zot.
You worshipped Okawaru.
Okawaru was extremely pleased with you.
You visited 13 branches of the dungeon, and saw 57 of its levels.
You visited the Abyss 2 times.
You also visited: Trove, Sewer, Gauntlet, Ice Cave and Desolation.

You collected 11228 gold pieces.
You spent 3399 gold pieces at shops.

Inventory:

Hand Weapons
 N - a +9 heavy double sword (weapon)
 V - a +8 double sword of flaming
Missiles
 R - 6 throwing nets (quivered)
Armour
 c - a +2 cloak of willpower (worn)
 j - a +5 kite shield of reflection (worn)
 E - the +9 scales of the Dragon King (worn) {rPois rF+ rC+ Will+}
   (You found it on level 3 of the Crypt)

   rF:        It protects you from fire.
   rC:        It protects you from cold.
   rPois:     It protects you from poison.
   Will:      It increases your willpower.
 Q - a +2 hat of stealth (worn)
 S - the +3 pair of mountain boots (worn) {steadfast, rC+}
   (You found it on level 12 of the Dungeon)

   Steadfast: It prevents involuntary movement, except for blinking,
   teleportation, or banishment.
   rC:        It protects you from cold.
 X - the +0 pair of gloves of the Spheres (worn) {rPois Regen+ rCorr}
   (Okawaru gifted it to you on level 5 of the Lair of Beasts)

   rPois:     It protects you from poison.
   Regen:     It increases your rate of health regeneration.
   rCorr:     It protects you from acid and corrosion.
Jewellery
 i - the ring of Noarphuycs {Contam rElec rC++ EV+5}
   (You found it in the Desolation of Salt)

   [ring of evasion]

   EV:        It affects your evasion (+5).
   rC:        It greatly protects you from cold.
   rElec:     It insulates you from electricity.
   Contam:    It causes magical contamination when unequipped.
 o - a ring of willpower (left hand)
 y - an amulet of regeneration (around neck)
 O - the ring of Xom's Capriciousness {rC+ rN+ rCorr MP+9}
   (You found it in the Desolation of Salt)

   [ring of resist corrosion]

   rC:        It protects you from cold.
   rN:        It protects you from negative energy.
   MP:        It affects your magic capacity (+9).
   rCorr:     It protects you from acid and corrosion.
 T - the ring "Tabet" (right hand) {Will+ Str+2 Dex+6}
   (You took it off a deep elf death mage on level 3 of the Elven Halls)

   [ring of dexterity]

   Str:       It affects your strength (+2).
   Dex:       It affects your dexterity (+6).
   Will:      It increases your willpower.
 U - a ring of protection from fire
Wands
 l - a wand of iceblast (15)
 p - a wand of polymorph (4)
 u - a wand of digging (1)
 x - a wand of mindburst (28)
 B - a wand of quicksilver (16)
 D - a wand of paralysis (29)
 L - a wand of flame (88)
Scrolls
 a - 6 scrolls of fear
 e - 14 scrolls of fog
 k - 39 scrolls of teleportation
 m - 3 scrolls of magic mapping
 n - 7 scrolls of amnesia
 t - 2 scrolls of silence
 C - 7 scrolls of immolation
 H - a scroll of enchant armour
 I - 8 scrolls of blinking
 J - 6 scrolls of brand weapon
 P - 54 scrolls of identify
 W - 3 scrolls of poison
Potions
 b - 4 potions of resistance
 d - 8 potions of might
 g - 23 potions of curing
 h - 2 potions of ambrosia
 s - 2 potions of invisibility
 w - 6 potions of cancellation
 z - 10 potions of attraction
 M - 8 potions of berserk rage
 Y - 2 potions of haste
Miscellaneous
 A - a tin of tremorstones (1/2)
 F - a lightning rod (4/4)
 K - a condenser vane


   Skills:
 + Level 19.1 Fighting
 * Level 22.0 Long Blades
 * Level 25.7 Armour
 + Level 16.5 Dodging
 * Level 25.8 Shields
 - Level 17.6 Invocations
 + Level 15.6 Evocations


You had 26 spell levels left.
You didn't know any spells.
Your spell library contained the following spells:

 Spells                   Type           Power      Damage    Failure   Level
 Apportation              Tloc           0%         N/A       98%         1
 Freeze                   Ice            0%         1d3       98%         1
 Kiss of Death            Conj/Necr      0%         2d5       98%         1
 Magic Dart               Conj           0%         1d3       98%         1
 Necrotise                Necr           0%         1d4       98%         1
 Sandblast                Erth           0%         2d4       98%         1
 Slow                     Hex            0%         N/A       98%         1
 Sting                    Tmut/Pois      0%         1d3       98%         1
 Blink                    Tloc           0%         N/A       99%         2
 Ensorcelled Hibernation  Hex/Ice        0%         N/A       99%         2
 Momentum Strike          Conj/Tloc      0%         3d8       99%         2
 Passwall                 Tmut/Erth      0%         N/A       99%         2
 Poisonous Vapours        Pois/Air       0%         N/A       99%         2
 Scorch                   Fire           0%         2d5       99%         2
 Searing Ray              Conj           0%         2d4       99%         2
 Static Discharge         Conj/Air       0%         2-2/arc   99%         2
 Confusing Touch          Hex            0%         N/A       100%        3
 Frozen Ramparts          Ice            0%         1d1       100%        3
 Gell's Gravitas          Tloc           0%         N/A       100%        3
 Hailstorm                Conj/Ice       0%         3d3       100%        3
 Ignite Poison            Fire/Tmut/Pois 0%         N/A       100%        3
 Inner Flame              Hex/Fire       0%         N/A       100%        3
 Mephitic Cloud           Conj/Pois/Air  0%         N/A       100%        3
 Portal Projectile        Hex/Tloc       0%         N/A       100%        3
 Stone Arrow              Conj/Erth      0%         3d7       100%        3
 Swiftness                Air            0%         N/A       100%        3
 Vampiric Draining        Necr           0%         2d6       100%        3
 Vhi's Electric Charge    Tloc/Air       0%         N/A       100%        3
 Dispel Undead            Necr           0%         3d6       100%        4
 Flame Wave               Conj/Fire      0%         2d4       100%        4
 Fulminant Prism          Conj/Hex       0%         3d5       100%        4
 Ice Form                 Ice/Tmut       0%         N/A       100%        4
 Leda's Liquefaction      Hex/Erth       0%         N/A       100%        4
 Manifold Assault         Tloc           0%         N/A       100%        4
 Olgreb's Toxic Radiance  Pois           0%         N/A       100%        4
 Petrify                  Tmut/Erth      0%         N/A       100%        4
 Sticky Flame             Conj/Fire      0%         2d3       100%        4
 Alistair's Intoxication  Tmut/Pois      0%         N/A       100%        5
 Arcjolt                  Conj/Air       0%         1d10      100%        5
 Blade Hands              Tmut           0%         N/A       100%        5
 Borgnjor's Vile Clutch   Necr/Erth      0%         N/A       100%        5
 Fireball                 Conj/Fire      0%         3d3       100%        5
 Freezing Cloud           Conj/Ice/Air   0%         6-21      100%        5
 Irradiate                Conj/Tmut      0%         3d11      100%        5
 Iskenderun's Battlesphe  Conj           0%         2d6       100%        5
 Lee's Rapid Deconstruct  Erth           0%         3d4*      100%        5
 Lightning Bolt           Conj/Air       0%         1d11      100%        5
 Metabolic Englaciation   Hex/Ice        0%         N/A       100%        5
 Silence                  Hex/Air        0%         N/A       100%        5
 Conjure Ball Lightning   Conj/Air       0%         3x3d6     100%        6
 Dispersal                Tloc           0%         N/A       100%        6
 Eringya's Noxious Bog    Tmut/Pois      0%         N/A       100%        6
 Iron Shot                Conj/Erth      0%         9d1       100%        6
 Orb of Destruction       Conj           0%         9d5       100%        7
 Ozocubu's Refrigeration  Ice            0%         4d7       100%        7
 Storm Form               Tmut/Air       0%         N/A       100%        7
 Borgnjor's Revivificati  Necr           0%         N/A       100%        8
 Discord                  Hex            0%         N/A       100%        8
 Disjunction              Tloc           0%         N/A       100%        8
 Ignition                 Fire           0%         3d3       100%        8
 Necromutation            Tmut/Necr      0%         N/A       100%        8
 Chain Lightning          Conj/Air       0%         N/A       100%        9
 Death's Door             Necr           0%         N/A       100%        9
 Polar Vortex             Ice            0%         N/A       100%        9
 Shatter                  Erth           0%         3d5*      100%        9
 Call Imp                 Summ           Unusable   N/A       N/A         2
 Cigotuvi's Dreadful Rot  Necr/Pois/Air  Unusable   N/A       N/A         2
 Sublimation of Blood     Necr           Unusable   N/A       N/A         2
 Call Canine Familiar     Summ           Unusable   N/A       N/A         3
 Tukima's Dance           Hex            Unusable   N/A       N/A         3
 Animate Armour           Summ/Erth      Unusable   N/A       N/A         4
 Simulacrum               Ice/Necr       Unusable   N/A       N/A         6
 Statue Form              Tmut/Erth      Unusable   N/A       N/A         6
 Summon Cactus Giant      Summ           Unusable   N/A       N/A         6
 Haunt                    Necr/Summ      Unusable   N/A       N/A         7
 Malign Gateway           Summ/Tloc      Unusable   N/A       N/A         7
 Infestation              Necr           Unusable   N/A       N/A         8

Dungeon Overview and Level Annotations

Branches:
Dungeon (15/15)            Temple (1/1) D:5            Lair (5/5) D:11
  Swamp (4/4) Lair:3        Snake (4/4) Lair:3        Slime (5/5) Lair:4
    Orc (2/2) D:9             Elf (3/3) Orc:2        Vaults (5/5) D:13
  Crypt (3/3) Vaults:2       Tomb (0/3) Crypt:3      Depths (4/4) D:15
   Hell (visited)             Dis (0/7) Hell            Geh (0/7) Hell
    Coc (0/7) Hell            Tar (0/7) Hell            Zot (5/5) Depths:4
  Sewer (visited)           IceCv (visited)         Desolation (visited)
Gauntlet (visited)

Altars:
Ashenzari
Cheibriados
Dithmenos
Elyvilon
Fedhas
Gozag
Hepliaklqana
Kikubaaqudgha
Makhleb
Nemelex Xobeh
Okawaru
Qazlal
Ru
Sif Muna
Trog
Uskayaw
Vehumet
Wu Jian
Xom
Yredelemnul
Zin
The Shining One
Jiyva

Shops:
D:6 !   D:13 *   Orc:1 ?   Orc:2 ?(:=   Elf:1 =(*[   Elf:2 =   Snake:1 =[
Snake:2 **   Snake:3 =:=[   Vaults:4 *   Depths:2 *

Portals:
Hell: Depths:1 Depths:2 Depths:3 Depths:4
Abyss: Crypt:2 Depths:3 Depths:4
Pandemonium: Depths:2
Ziggurat: Depths:3

Annotations:
Crypt:2 2 transporters, Luix's ghost, veteran MiGl


Innate Abilities, Weirdness & Mutations

You are immune to sickness and miasma.
Your stone body is resilient. (AC +20)
You are immune to poison.
Your large and strong wings let you fly.
You resist negative energy. (rN+)
You are resistant to electric shocks. (rElec)
You are resistant to unholy torment.
You are immune to petrification.
Your body sometimes deteriorates upon taking damage.
You are dopey. (Int -2)
You are frail. (-10% HP)
You have an increased reservoir of magic. (+10% MP)
You are strong-willed. (Will+)
You occasionally shout uncontrollably at your foes.
You do not regenerate when monsters are visible.
You are vulnerable to cold. (rC-)
Your spells are a little easier to cast, but a little less powerful.
You occasionally lose the ability to read scrolls when taking damage.


Message History

The Orb Guardian hits you!
* * * LOW HITPOINT WARNING * * *
You feel better. You block the Orb Guardian's attack. x2
The storm dragon breathes lightning at you.
The bolt of lightning hits you but does no damage.
The Orb Guardian hits you!!
* * * LOW HITPOINT WARNING * * *
The Orb Guardian misses you. You block the storm dragon's attack. x2
The storm dragon barely misses you.
You hear a deafening roar!
You feel better. You block the Orb Guardian's attack. x2
The storm dragon closely misses you. The storm dragon completely misses you.
The storm dragon misses you.
You closely miss the storm dragon.
The storm dragon is almost dead.
The Orb Guardian hits you but does no damage.
You block the Orb Guardian's attack.
The storm dragon breathes lightning at you.
The bolt of lightning hits you! You resist.
* * * LOW HITPOINT WARNING * * *
The Orb Guardian hits you!
* * * LOW HITPOINT WARNING * * *
You block the Orb Guardian's attack.
The storm dragon attacks as you move away!
You block the storm dragon's attack. x3
The Orb Guardian attacks as you move away!
The Orb Guardian hits you but does no damage.
The Orb Guardian attacks as you move away!
The Orb Guardian hits you but does no damage.
The storm dragon attacks as you move away!
The storm dragon bites you but does no damage.
You block the storm dragon's attack. x2
The Orb Guardian attacks as you move away!
The Orb Guardian hits you but does no damage.
The storm dragon breathes lightning at you.
The bolt of lightning misses you. You block the Orb Guardian's attack.
The Orb Guardian hits you but does no damage.
You hear a deafening roar!
You block the Orb Guardian's attack. The Orb Guardian hits you.
You die...

,,,,........^.....?..##
,,,,.!................# ▓▓▓▓▓▓▓▓▓
,,,,........^.........▓▓▓..(..^.▓
^,,,.......)..........▓▓.........
,,,,..............^^..▓..........
*,,,.........(..............0....
,,,,^.................▓..........
,,,,?^.....^...X......▓▓.....^...
,,,,...........X@.....▓▓▓.....^.▓
,,,,...$..$....D......▓ ▓▓▓▓▓▓▓▓▓
,,,,.................▓▓
,,,,...............▓▓▓
***,.........^..▓▓▓▓
***▓▓▓▓▓▓▓▓▓▓▓▓


You could see a storm dragon and 2 Orb Guardians.

Vanquished Creatures
  the Royal Jelly (Slime:5)
  4 dread liches
  6 ancient liches
  7 orbs of fire
  3 juggernauts
  Margery (Depths:3)
  the Lernaean hydra (Swamp:4)
  A shard shrike (Zot:5)
  Bai Suzhen (Swamp:3)
  Xtahua (Vaults:2)
  6 Killer Klowns
  Geryon (Hell)
  5 curse toes
  13 golden dragons
  Nikola (Swamp:2)
  2 bone dragons (Abyss:4)
  Jorgrun (Swamp:3)
  2 electric golems (Zot:5)
  A walking crystal tome (Zot:3)
  Rupert (D:12)
  6 liches
  8 tentacled monstrosities
  22 Orb Guardians (Zot:5)
  7 titans
  A walking earthen tome (Depths:4)
  A deep elf blademaster (Elf:3)
  A walking frostbound tome (Zot:3)
  Asterion (Elf:2)
  16 acid blobs
  7 ancient champions
  7 quicksilver dragons
  4 tentacled starspawn
  5 death cobs
  2 sphinxes (Vaults:4)
  The ghost of Nohucul the Severer, an adept MiBe of Trog (Snake:2)
  Roxanne (Swamp:1)
  4 tengu reavers
  20 shadow dragons
  Agnes (Snake:1)
  8 azure jellies
  A revenant (Crypt:3)
  19 storm dragons
  A fenstrider witch (Swamp:4)
  6 draconian knights
  Donald (Snake:1)
  7 draconian monks
  11 nagarajas
  13 rockslimes
  3 narguns (Zot:3)
  10 fire giants
  2 imperial myrmidons (Desolation)
  9 deep elf sorcerers
  Louise (Snake:2)
  An iron dragon (Depths:4)
  11 frost giants
  2 draconian scorchers
  17 vault wardens
  Aizul (Vaults:3)
  2 ghost moths
  4 deep elf elementalists (Elf:3)
  17 ghouls
  2 orc warlords
  2 balrugs
  3 curse skulls
  7 draconian shifters
  A caustic shrike zombie (Abyss:4)
  A spriggan defender (Depths:2)
  8 draconian annihilators
  2 cacodemons
  20 very ugly things
  5 draconian stormcallers
  23 ironbound preservers
  5 war gargoyles
  5 ironbound thunderhulks
  12 green draconians
  14 quicksilver oozes
  2 eleionomae (Swamp:4)
  A juggernaut skeleton (Crypt:1)
  20 stone giants
  16 reapers
  6 deep elf demonologists
  4 vampire knights
  16 red draconians
  5 bunyips
  A halazid warlock (Desolation)
  7 black draconians
  A lorocyproca (Depths:1)
  6 deep elf annihilators
  5 dire elephants
  12 yellow draconians
  A minotaur (Gauntlet)
  12 purple draconians
  14 white draconians
  An acid blob zombie (Crypt:3)
  5 spark wasps
  12 ettins
  5 deep elf death magi
  An ettin (shapeshifter) (D:13)
  2 crystal guardians
  5 eidola
  6 deep elf high priests
  An entropy weaver (Vaults:3)
  15 yaktaur captains
  5 jiangshi
  13 great orbs of eyes
  3 blizzard demons
  A kraken zombie (Hell)
  6 fire dragons
  Josephine (Snake:1)
  A shambling mangrove (Swamp:3)
  29 hydras
  4 rakshasas
  30 vault guards
  4 catoblepae
  12 ragged hierophants
  An ice dragon (shapeshifter) (Vaults:4)
  6 servants of whispers (Desolation)
  An Orb Guardian zombie (Crypt:2)
  3 spriggan air magi
  2 spriggan zombies
  3 ice dragons (Depths:2)
  2 salamander tyrants
  2 caustic shrike simulacra (IceCv)
  12 peacekeepers
  3 ironbound frosthearts
  5 ogre magi
  6 anacondas
  6 centaur warriors
  6 death yaks (Lair:5)
  5 death knights
  8 tengu warriors
  36 dancing weapons
  3 boulder beetles
  The ghost of EmilyW the Cleaver, a novice MiFi of Nemelex Xobeh (D:12)
  3 alligators
  2 deep troll shamans (Depths:2)
  21 naga warriors
  5 spriggan berserkers
  17 two-headed ogres
  Urug (Lair:2)
  3 orc high priests
  5 vampire magi
  5 deep troll earth magi
  13 naga sharpshooters
  18 thrashing horrors
  An Orb Guardian skeleton (Crypt:2)
  9 hell hogs
  7 soul eaters
  5 shock serpents
  6 sun demons
  14 deep elf knights
  11 spriggans
  Amaemon (D:9)
  5 iron trolls
  3 wretched stars
  4 shadow wraiths
  3 salamander mystics
  19 hell knights
  A sixfirhy (Abyss:3)
  A spatial maelstrom (Abyss:4)
  38 skeletal warriors
  2 quicksilver dragon simulacra (Depths:4)
  4 glowing orange brains
  2 ghost moth zombies
  7 sea snakes (Snake:4)
  3 flayed ghosts
  5 goliath frogs
  5 wizards
  2 obsidian statues
  5 spriggan simulacra (IceCv)
  12 swamp dragons
  An anaconda zombie (Crypt:1)
  An iron giant zombie (Crypt:3)
  2 spriggan druids (Swamp:4)
  17 bog bodies
  10 lindwurms
  A wolf spider zombie (Crypt:1)
  6 naga ritualists
  11 necromancers
  63 deep trolls
  28 deep elf pyromancers
  12 phantasmal warriors
  10 starcursed masses
  10 deep elf archers
  22 deep elf zephyrmancers
  2 orc knights
  A harpy (shapeshifter) (Vaults:1)
  25 ironbound convokers
  2 anaconda skeletons
  An oklob plant (Lair:1)
  12 mana vipers
  7 orc sorcerers
  A mana viper (shapeshifter) (Depths:2)
  30 ugly things
  A frost giant zombie (Vaults:2)
  A faun (shapeshifter) (Vaults:5)
  A wolf spider (Gauntlet)
  8 will-o-the-wisps
  6 cyclopes
  5 manticores
  22 salamanders
  2 salamanders (shapeshifter)
  23 moths of wrath
  A worldbinder (Abyss:4)
  14 vault sentinels
  7 shining eyes
  Maurice (D:9)
  2 human skeletons (Vaults:4)
  A stone giant skeleton (Vaults:4)
  6 elephants (Lair:3)
  3 apocalypse crabs (Abyss:4)
  11 guardian serpents
  5 rust devils
  2 ice statues
  37 black mambas
  6 orange demons
  An unseen horror (D:11)
  16 cane toads
  21 naga magi
  2 eyes of devastation (Slime:5)
  4 smoke demons
  2 gargoyles
  3 naga skeletons
  A hellion (Hell)
  A minotaur zombie (Gauntlet)
  A catoblepas zombie (Crypt:2)
  A sea snake zombie (Hell)
  18 komodo dragons
  33 yaktaurs
  A red devil (Depths:4)
  2 tengu conjurers
  19 freezing wraiths
  8 ice devils
  A swamp worm zombie (Crypt:3)
  A yellow draconian skeleton (Crypt:3)
  A grey draconian skeleton (Crypt:1)
  A white draconian skeleton (Crypt:3)
  A queen bee (shapeshifter) (D:13)
  An ancient zyme (Abyss:4)
  2 meliai (shapeshifter)
  A troll (shapeshifter) (Depths:2)
  A sea snake skeleton (Hell)
  2 hellwings (Abyss:3)
  2 polar bears
  3 meliai (D:14)
  2 trolls
  11 tyrant leeches
  A wind drake (shapeshifter) (D:14)
  10 hornets
  86 saltlings
  A yaktaur skeleton (Vaults:2)
  2 polar bears (shapeshifter) (D:15)
  A snapping turtle (shapeshifter) (Vaults:4)
  12 blink frogs
  16 raiju
  3 hydra skeletons (Hell)
  A harpy skeleton (Abyss:4)
  An alligator zombie (Hell)
  A dream sheep (shapeshifter) (Vaults:4)
  9 flying skulls
  102 slime creatures
  A guardian serpent zombie (Crypt:2)
  A centaur simulacrum (D:14)
  4 shadows
  9 air elementals
  3 ettin skeletons
  2 wyverns
  5 water elementals
  41 yaks
  A ynoxinul (Abyss:3)
  A dire elephant simulacrum (IceCv)
  14 wraiths
  3 neqoxecs
  5 large abominations
  5 fire elementals
  A human (Lair:2)
  6 golden eyes
  A basilisk (shapeshifter) (D:15)
  A tyrant leech zombie (Crypt:2)
  10 vampire mosquitoes
  4 basilisks
  4 redbacks
  5 small abominations
  A spatial vortex (Abyss:4)
  A chaos spawn (Depths:2)
  3 wargs
  A steam dragon (D:8)
  3 harpy simulacra
  56 nagas
  6 acid dragons
  8 swamp worms
  A minotaur simulacrum (IceCv)
  An entropy weaver zombie (Crypt:2)
  A water nymph zombie (Crypt:2)
  13 water moccasins
  Duvessa (D:5)
  5 hell hounds (Depths:4)
  8 swamp drakes (Swamp:4)
  4 black bears
  2 sky beasts (D:7)
  3 alligator simulacra (IceCv)
  A black bear (shapeshifter) (Depths:4)
  26 orc warriors
  An ice beast (D:6)
  3 ettin simulacra
  A snapping turtle zombie (Crypt:1)
  2 boggarts (Vaults:1)
  A centaur (shapeshifter) (Elf:1)
  An elephant skeleton (Crypt:1)
  11 ogres
  6 wolves (Lair:5)
  2 lindwurm skeletons
  13 centaurs
  A swamp dragon skeleton (Crypt:3)
  6 kobold brigands
  A human zombie (Vaults:2)
  2 elf zombies (Elf:1)
  A draconian zombie (Crypt:3)
  8 bullfrogs
  3 deep troll simulacra (IceCv)
  A fire crab zombie (Crypt:1)
  4 earth elementals
  6 necrophages
  A gnoll sergeant (D:3)
  4 scorpions
  9 wights
  Dowan (D:5)
  A howler monkey (D:8)
  An electric eel (Lair:1)
  A wolf skeleton (Crypt:3)
  5 hounds
  12 jellies
  Crazy Yiuf (D:7)
  21 orc priests
  30 orc wizards
  3 iguanas
  2 yak simulacra (Lair:3)
  2 polar bear simulacra (Lair:3)
  5 wolf simulacra (Lair:3)
  A tengu zombie (Crypt:1)
  8 gnolls
  7 adders
  A river rat (D:5)
  2 shadow imps (D:5)
  An ufetubus (Abyss:4)
  5 worms
  76 orcs
  A ball python (shapeshifter) (Depths:2)
  7 ball pythons
  8 endoplasms
  3 giant cockroaches
  6 goblins
  4 hobgoblins
  3 quokkas
  3 bats
  3 frilled lizards
  38 kobolds
  8 rats
  2 river rat simulacra (Lair:3)
  5 fire vortices
  A fungus (Lair:1)
  2 starspawn tentacles (Abyss:3)
  A tentacle (Hell)
2592 creatures vanquished.

Vanquished Creatures (others)
  A draconian knight (Depths:4)
  A ghost moth (Zot:4)
  A draconian stormcaller (Depths:4)
  A jiangshi (Depths:4)
  A sun demon (Depths:4)
  A deep elf knight (Elf:1)
  A bog body (Swamp:4)
  A bloated husk (Swamp:4)
  A swamp worm (Swamp:4)
  A floating eye (Depths:4)
  An orc warrior (Orc:2)
  An ogre (Vaults:5)
  A boggart (Vaults:1)
  A wight (D:8)
  A creeping inferno (Hell)
  30 foxfires
  45 fungi
  31 plants
  9 starspawn tentacles
  5 tentacles (Hell)
  A withered plant (Desolation)
136 creatures vanquished.

Grand Total: 2728 creatures vanquished

Notes
Turn   | Place    | Note
-------+----------+-------------------------------------------
     0 | D:1      | timneilson the Gargoyle Fighter began the quest for the
                  | Orb.
     0 | D:1      | Reached XP level 1. HP: 14/14 MP: 1/1
   181 | D:1      | Reached XP level 2. HP: 19/19 MP: 2/2
   910 | D:2      | Reached XP level 3. HP: 23/23 MP: 3/3
  1604 | D:2      | Reached XP level 4. HP: 27/28 MP: 4/4
  1905 | D:3      | Identified a scroll of acquirement
  1905 | D:3      | Acquired 486 gold pieces
  1960 | D:3      | Found an ancient bone altar of Kikubaaqudgha.
  1960 | D:3      | Found a burning altar of Makhleb.
  2425 | D:4      | Noticed a black bear
  2459 | D:4      | Killed a black bear
  2460 | D:4      | Reached skill level 1 in Dodging
  2460 | D:4      | Reached XP level 5. HP: 27/33 MP: 5/5
  2750 | D:4      | Reached XP level 6. HP: 16/38 MP: 6/6
  2862 | D:4      | Found a shimmering blue altar of Sif Muna.
  3228 | D:5      | Entered Level 5 of the Dungeon
  3321 | D:5      | Reached skill level 5 in Armour
  3321 | D:5      | Reached skill level 5 in Shields
  3427 | D:5      | Reached XP level 7. HP: 21/43 MP: 7/7
  3485 | D:5      | Found a glowing drain.
  3489 | Sewer    | Entered a sewer
  4130 | D:5      | Found a glowing golden altar of the Shining One.
  4204 | D:5      | Found a staircase to the Ecumenical Temple.
  4211 | Temple   | Entered the Ecumenical Temple
  4349 | Temple   | Became a worshipper of Warmaster Okawaru
  4757 | D:5      | Noticed Duvessa
  4757 | D:5      | Noticed Dowan
  4762 | D:5      | Killed Dowan
  4763 | D:5      | Reached XP level 8. HP: 30/48 MP: 8/8
  4772 | D:5      | Killed Duvessa
  4773 | D:5      | Reached skill level 1 in Invocations
  4952 | D:6      | Reached * piety under Okawaru
  5165 | D:6      | Reached skill level 5 in Fighting
  5177 | D:6      | Reached skill level 5 in Long Blades
  5314 | D:6      | Reached XP level 9. HP: 39/54 MP: 10/10
  5652 | D:6      | Found a stormy altar of Qazlal.
  5667 | D:6      | Reached ** piety under Okawaru
  6196 | D:6      | Found Eniy's Distillery.
  6956 | D:7      | Reached skill level 1 in Evocations
  7034 | D:7      | Reached *** piety under Okawaru
  7119 | D:7      | Found a runed translucent door.
  7120 | D:7      | Noticed Crazy Yiuf
  7128 | D:7      | Killed Crazy Yiuf
  7379 | D:8      | Reached XP level 10. HP: 60/60 MP: 12/12
  8119 | D:8      | Identified the +4 war axe "Uriofeg" {protect, rC+}
  8372 | D:9      | Noticed Maurice
  8388 | D:9      | Killed Maurice
  8395 | D:9      | Acquired a manual of Dodging
  8629 | D:9      | Noticed an orange demon
  8633 | D:9      | Noticed Amaemon
  8654 | D:9      | Killed Amaemon
  8660 | D:9      | Killed an orange demon
  8879 | D:9      | Found a staircase to the Orcish Mines.
  8879 | D:9      | Noticed a two-headed ogre
  8893 | D:9      | Killed a two-headed ogre
  8970 | D:9      | Reached XP level 11. HP: 65/66 MP: 14/14
  9024 | D:10     | Entered Level 10 of the Dungeon
  9105 | D:10     | Reached **** piety under Okawaru
  9106 | D:10     | Reached skill level 5 in Invocations
  9356 | D:10     | Reached skill level 5 in Dodging
  9507 | D:10     | Noticed a white ugly thing
  9531 | D:10     | Killed a white ugly thing
  9731 | D:11     | Reached ***** piety under Okawaru
  9964 | D:11     | Noticed a white ugly thing
  9978 | D:11     | Killed a white ugly thing
 10366 | D:11     | Found a staircase to the Lair.
 10428 | D:11     | Noticed a brown ugly thing
 10451 | D:11     | Killed a brown ugly thing
 10508 | D:11     | Noticed a two-headed ogre
 10515 | D:11     | Killed a two-headed ogre
 10516 | D:11     | Reached skill level 10 in Armour
 10516 | D:11     | Reached skill level 10 in Shields
 10529 | D:11     | Noticed a cyclops
 10537 | D:11     | Killed a cyclops
 10563 | D:11     | Noticed a two-headed ogre
 10573 | D:11     | Killed a two-headed ogre
 10791 | D:12     | Found a portal to a secret trove of treasure.
 10825 | D:12     | Reached XP level 12. HP: 30/72 MP: 16/16
 11132 | D:12     | Noticed Rupert
 11133 | D:12     | Found a runed translucent gate.
 11147 | D:12     | Paralysed by Rupert for 4 turns
 11149 | D:12     | Killed Rupert
 11205 | D:12     | Found a runed translucent gate.
 11205 | D:12     | Found a runed translucent gate.
 11264 | D:12     | Noticed EmilyW's ghost (novice MiFi)
 11267 | D:12     | Identified the +8 plate armour "Rufus" {+Inv rF+++ rCorr}
 11494 | D:12     | Received a gift from Okawaru
 11718 | D:12     | Found the +3 pair of mountain boots {steadfast, rC+}
 11924 | D:13     | Noticed a shock serpent
 11924 | D:13     | a shock serpent changed into a sea snake
 11930 | D:13     | Found a gate to the Vaults.
 11934 | D:13     | an elephant changed into a jorogumo
 11934 | D:13     | Noticed a jorogumo (glowing shapeshifter)
 11937 | D:13     | a jorogumo changed into a satyr
 11937 | D:13     | Noticed a satyr (glowing shapeshifter)
 11948 | D:13     | a satyr changed into an ettin
 11948 | D:13     | Noticed an ettin (glowing shapeshifter)
 11957 | D:13     | Killed an ettin
 12018 | D:13     | Noticed a four-headed hydra
 12024 | D:13     | Killed a four-headed hydra
 12220 | D:13     | Found Igril's Elemental Accessories.
 12228 | D:13     | Bought a tin of tremorstones (2/2) for 480 gold pieces
 12325 | D:13     | Noticed a two-headed ogre
 12338 | D:13     | Killed a two-headed ogre
 12496 | D:14     | Found an iron altar of Okawaru.
 12499 | D:14     | Identified the +6 falchion of Zin's Esteem {speed, rPois
                  | rF++ Will+}
 12593 | D:14     | Received a gift from Okawaru
 12594 | D:14     | Reached skill level 5 in Evocations
 12594 | D:14     | Reached XP level 13. HP: 79/79 MP: 15/18
 12910 | D:14     | Identified the +5 fire dragon scales of Ketuxtegg {rF++ rC-
                  | Dex+3} (Okawaru gifted it to you on level 14 of the
                  | Dungeon)
 12910 | D:14     | Received a gift from Okawaru
 13435 | Lair:1   | Entered Level 1 of the Lair of Beasts
 13566 | Lair:1   | Found a blossoming altar of Fedhas.
 13943 | Lair:1   | Reached skill level 10 in Long Blades
 14503 | Lair:2   | Found a runed translucent door.
 14614 | Lair:2   | Noticed Urug
 14626 | Lair:2   | Killed Urug
 15324 | Lair:3   | Found a staircase to the Snake Pit.
 15333 | Lair:3   | Received a gift from Okawaru
 15348 | Lair:3   | Gained mutation: Your large and strong wings let you fly.
                  | [Gargoyle growth]
 15348 | Lair:3   | Reached XP level 14. HP: 57/86 MP: 19/19
 15371 | Lair:3   | Found a staircase to the Swamp.
 15381 | Lair:3   | Found a gate leading to a gauntlet.
 15392 | Gauntlet | Entered a Gauntlet
 15392 | Gauntlet | Found a transporter.
 15401 | Gauntlet | Found a transporter.
 15418 | Gauntlet | Found a transporter.
 15422 | Gauntlet | Found a transporter.
 15443 | Gauntlet | Found a transporter.
 15456 | Gauntlet | Found a transporter.
 15458 | Gauntlet | Found a runed translucent door.
 15470 | Gauntlet | Found a transporter.
 15472 | Gauntlet | Noticed a reaper
 15496 | Gauntlet | Found a transporter.
 15497 | Gauntlet | Found a transporter.
 15503 | Gauntlet | Found a transporter.
 15524 | Gauntlet | Found a runed translucent door.
 15536 | Gauntlet | Found a transporter.
 15536 | Gauntlet | Found a transporter.
 15537 | Gauntlet | Found a runed translucent door.
 15618 | Gauntlet | Identified the +0 pair of boots of Fortification {rElec rN+
                  | Dex-5}
 15650 | Gauntlet | Identified the +4 sling "Lupo" {heavy, rCorr Str+3}
 16689 | Lair:4   | Found a viscous altar of Jiyva.
 16689 | Lair:4   | Found a staircase to the Slime Pits.
 17584 | Lair:5   | Entered Level 5 of the Lair of Beasts
 17706 | Lair:5   | Upgraded the game from 0.30-a0-738-g116ff8c4af to
                  | 0.30-a0-739-gea05faddec
 17752 | Lair:5   | Reached ****** piety under Okawaru
 17955 | Lair:5   | Identified the +0 pair of gloves of the Spheres {rPois
                  | Regen+ rCorr} (Okawaru gifted it to you on level 5 of the
                  | Lair of Beasts)
 17955 | Lair:5   | Received a gift from Okawaru
 18147 | Lair:5   | Noticed a quicksilver ooze
 18154 | Lair:5   | Killed a quicksilver ooze
 18158 | Lair:5   | Noticed a rockslime
 18163 | Lair:5   | Killed a rockslime
 18167 | Lair:5   | Reached skill level 10 in Fighting
 18167 | Lair:5   | Reached XP level 15. HP: 67/92 MP: 3/21
 18221 | Lair:5   | Found a viscous altar of Jiyva.
 18885 | D:12     | Killed EmilyW's ghost
 18996 | D:15     | Entered Level 15 of the Dungeon
 19064 | D:15     | Identified the +0 chain mail of Asceticism {Will+ Dex+3}
                  | (Okawaru gifted it to you on level 15 of the Dungeon)
 19064 | D:15     | Received a gift from Okawaru
 19091 | D:15     | Paralysed by an ogre mage for 2 turns
 19380 | D:15     | Found a staircase to the Depths.
 19769 | Snake:1  | Entered Level 1 of the Snake Pit
 19889 | Snake:1  | Reached skill level 10 in Dodging
 19929 | Snake:1  | Noticed Josephine
 19934 | Snake:1  | Killed Josephine
 19948 | Snake:1  | Found Yziso's Antique Armour Boutique.
 19953 | Snake:1  | Found Yggomoh's Jewellery Boutique.
 20186 | Orc:1    | Entered Level 1 of the Orcish Mines
 20283 | D:9      | Reached XP level 16. HP: 68/99 MP: 23/23
 20404 | Orc:1    | Found Varijizeish's Magic Scroll Shop.
 20417 | Orc:1    | Bought a scroll of teleportation for 33 gold pieces
 20417 | Orc:1    | Bought a scroll of fog for 44 gold pieces
 20417 | Orc:1    | Bought a scroll of identify for 22 gold pieces
 20417 | Orc:1    | Bought a scroll of fear for 44 gold pieces
 20417 | Orc:1    | Bought a scroll of identify for 22 gold pieces
 20718 | Orc:2    | Entered Level 2 of the Orcish Mines
 20820 | Orc:2    | Received a gift from Okawaru
 21174 | Orc:2    | Found Pekhlyll's Jewellery Shoppe.
 21174 | Orc:2    | Found Hadghouna's Magic Scroll Emporium.
 21174 | Orc:2    | Found Pihog's Book Shoppe.
 21177 | Orc:2    | Found Osenausa's Antique Weapon Emporium.
 21182 | Orc:2    | Bought a scroll of magic mapping for 127 gold pieces
 21182 | Orc:2    | Bought a scroll of enchant armour for 127 gold pieces
 21182 | Orc:2    | Bought a scroll of teleportation for 51 gold pieces
 21182 | Orc:2    | Bought a scroll of enchant armour for 127 gold pieces
 21397 | Orc:2    | Found a staircase to the Elven Halls.
 21736 | Snake:1  | Noticed Agnes
 21743 | Snake:1  | Killed Agnes
 21947 | Snake:1  | Noticed Donald
 21957 | Snake:1  | Killed Donald
 21957 | Snake:1  | Received a gift from Okawaru
 22181 | Snake:1  | Reached skill level 10 in Invocations
 22302 | Snake:2  | Reached skill level 15 in Shields
 22315 | Snake:2  | Reached skill level 15 in Armour
 22799 | Snake:2  | Noticed Louise
 22819 | Snake:2  | Killed Louise
 22819 | Snake:2  | Identified the +5 chain mail of Objectivity {rPois}
                  | (Okawaru gifted it to you on level 2 of the Snake Pit)
 22819 | Snake:2  | Received a gift from Okawaru
 22930 | Snake:2  | Found a runed translucent gate.
 22930 | Snake:2  | Found a runed translucent gate.
 22930 | Snake:2  | Found a runed translucent gate.
 22930 | Snake:2  | Found an opulent altar of Gozag.
 22931 | Snake:2  | Noticed Nohucul's ghost (adept MiBe)
 22932 | Snake:2  | Found Catt's Assorted Antiques.
 22933 | Snake:2  | Found Yvvuuhak's Assorted Antiques.
 22965 | Snake:2  | Killed Nohucul's ghost
 23016 | Snake:2  | Bought a potion of cancellation for 272 gold pieces
 23016 | Snake:2  | Bought a potion of curing for 102 gold pieces
 23016 | Snake:2  | Bought a potion of heal wounds for 170 gold pieces
 23016 | Snake:2  | Bought a scroll of enchant weapon for 255 gold pieces
 23020 | Snake:2  | Bought a wand of mindburst (6) for 235 gold pieces
 23020 | Snake:2  | Bought a wand of quicksilver (5) for 588 gold pieces
 23092 | Snake:2  | Identified the +12 dagger of Crawling {heavy, +Blink Fly
                  | Int-4}
 23175 | Snake:3  | Found Qecrui Anig's Antique Armour Shoppe.
 23185 | Snake:3  | Reached XP level 17. HP: 95/104 MP: 24/24
 23424 | Snake:3  | Found Ohyo's Jewellery Shop.
 23425 | Snake:3  | Found Icionn's Book Emporium.
 23428 | Snake:3  | Found Ixaecwemui's Jewellery Shop.
 23566 | Snake:3  | Received a gift from Okawaru
 23862 | Snake:4  | Entered Level 4 of the Snake Pit
 24143 | Snake:4  | Received a gift from Okawaru
 24801 | Snake:4  | Reached XP level 18. HP: 96/112 MP: 26/26
 24874 | Snake:4  | Received a gift from Okawaru
 25029 | Snake:4  | Got a serpentine rune of Zot
 25640 | Vaults:1 | Entered Level 1 of the Vaults
 25833 | Vaults:1 | Noticed a golden dragon
 25847 | Vaults:1 | Killed a golden dragon
 25859 | Vaults:1 | Received a gift from Okawaru
 26056 | Vaults:1 | Received a gift from Okawaru
 26977 | Vaults:2 | Identified the +9 sling "Xajemec" {drain, Stlth+}
 27003 | Vaults:2 | Found a crumbling gateway.
 27006 | Vaults:2 | Identified the +1 chain mail "Dibiet" {rC+ Str+2 Int+2}
 27015 | Vaults:2 | Reached XP level 19. HP: 118/118 MP: 27/27
 27023 | Desolati | Entered the Desolation of Salt
 27220 | Desolati | Got Matyosm's Encyclopedia of the Aerial Blizzard
 27269 | Desolati | Identified the +0 pair of gloves "Fuev" {rElec}
 27276 | Desolati | Identified the +4 demon blade "Xabruo" {freeze, rCorr
                  | Str+5} (Okawaru gifted it to you in the Desolation of Salt)
 27276 | Desolati | Received a gift from Okawaru
 27302 | Desolati | Identified the ring of Noarphuycs {Contam rElec rC++ EV+5}
 27429 | Desolati | Identified the +2 leather armour of Okueg {rN+ Str+2}
 27447 | Desolati | Identified the +2 scale mail of Pithraits {rElec Regen+
                  | Int-4}
 27545 | Desolati | Identified the +2 great sword of the Asp {pain, rElec rC++
                  | Str-3 SInv} (Okawaru gifted it to you in the Desolation of
                  | Salt)
 27545 | Desolati | Received a gift from Okawaru
 27554 | Desolati | Identified the ring of Xom's Capriciousness {rC+ rN+ rCorr
                  | MP+9}
 27595 | Desolati | Identified the ring of Meegodaw {Ice Str+3 Int+3 Dex+2}
 27608 | Desolati | Reached skill level 10 in Evocations
 27639 | Desolati | Identified the +2 robe of Mezcal {-Cast -Tele rC+++ SInv}
 27654 | Desolati | Got the Meditations on Superposition
 27697 | Desolati | Got Sif Muna's Quarto of Dusty Corpses
 27728 | Desolati | Reached skill level 15 in Long Blades
 27846 | Desolati | Identified the ring "Mepudy" {Fire Int+2}
 28177 | Vaults:2 | Noticed Xtahua
 28185 | Vaults:2 | Killed Xtahua
 28236 | Vaults:2 | Found a staircase to the Crypt.
 28243 | Vaults:2 | Received a gift from Okawaru
 28330 | Vaults:2 | Reached XP level 20. HP: 108/124 MP: 29/29
 28575 | Vaults:2 | Received a gift from Okawaru
 28977 | Vaults:3 | Found the +3 robe of Clouds {*Thunder rCloud rElec}
 29351 | Abyss:3  | Cast into level 3 of the Abyss (a wizard)
 29409 | Abyss:3  | Gained mutation: You are vulnerable to heat. (rF-) [a
                  | neqoxec]
 29448 | Abyss:3  | Identified the +2 pair of gloves of Pandemonium {rElec}
                  | (Okawaru gifted it to you on level 3 of the Abyss)
 29448 | Abyss:3  | Received a gift from Okawaru
 29543 | Abyss:3  | Paralysed by an air elemental for 1 turns
 29552 | Vaults:3 | Escaped the Abyss
 29936 | Vaults:3 | Noticed Aizul
 29941 | Vaults:3 | Killed Aizul
 30374 | Vaults:4 | Reached XP level 21. HP: 123/131 MP: 30/30
 30376 | Vaults:4 | Identified the +4 chain mail of the Valley {Str+4} (Okawaru
                  | gifted it to you on level 4 of the Vaults)
 30376 | Vaults:4 | Received a gift from Okawaru
 31124 | Vaults:4 | Found Huq Apus's General Store.
 31130 | Vaults:4 | Bought a potion of curing for 51 gold pieces
 31479 | Swamp:1  | Entered Level 1 of the Swamp
 31752 | Swamp:1  | Identified the +2 robe "Diuzogoc" {rElec rF+ Str+3 Stlth+}
 31805 | Swamp:1  | Identified the ring "Reupnig" {rPois rF+ Int+3 Stlth-}
 31847 | Swamp:1  | Noticed Roxanne
 31870 | Swamp:1  | Killed Roxanne
 32029 | Swamp:2  | Noticed Nikola
 32046 | Swamp:2  | Killed Nikola
 32417 | Swamp:3  | Noticed Bai Suzhen
 32433 | Swamp:3  | Killed Bai Suzhen
 32542 | Swamp:3  | Noticed Jorgrun
 32558 | Swamp:3  | Killed Jorgrun
 32558 | Swamp:3  | Received a gift from Okawaru
 32945 | Swamp:4  | Entered Level 4 of the Swamp
 32986 | Swamp:4  | Received a gift from Okawaru
 32986 | Swamp:4  | Found the +8 orange crystal plate armour {Archmagi, Int+3
                  | Clar}
 33147 | Swamp:4  | Reached XP level 22. HP: 138/138 MP: 32/32
 33283 | Swamp:4  | Noticed the 27-headed Lernaean hydra
 33304 | Swamp:4  | Killed the 19-headed Lernaean hydra
 33347 | Swamp:4  | Got a decaying rune of Zot
 33899 | Crypt:1  | Entered Level 1 of the Crypt
 35111 | Crypt:2  | Found a transporter.
 35181 | Crypt:2  | Identified the +6 falchion "Oklarph" {vamp, Fragile rF+
                  | Dex+2 SInv} (Okawaru gifted it to you on level 2 of the
                  | Crypt)
 35181 | Crypt:2  | Received a gift from Okawaru
 35416 | Crypt:2  | Found a transporter.
 35419 | Crypt:2  | Found a one-way gate to the infinite horrors of the Abyss.
 35423 | Crypt:2  | Identified the ring "Pijyixam" {*Slow Will+ Int+5}
 35430 | Crypt:2  | Noticed Luix's ghost (veteran MiGl)
 35478 | Crypt:2  | Reached skill level 15 in Fighting
 35934 | Crypt:3  | Entered Level 3 of the Crypt
 36090 | Crypt:3  | Noticed a curse toe
 36101 | Crypt:3  | Killed a curse toe
 36101 | Crypt:3  | Received a gift from Okawaru
 36102 | Crypt:3  | Reached XP level 23. HP: 100/144 MP: 33/33
 36108 | Crypt:3  | Noticed a curse toe
 36141 | Crypt:3  | Killed a curse toe
 36308 | Crypt:3  | Found a staircase to the Tomb.
 36557 | Crypt:3  | Found the +9 scales of the Dragon King {rPois rF+ rC+
                  | Will+}
 36620 | Crypt:3  | Noticed an ancient lich
 36658 | Crypt:3  | Killed an ancient lich
 36674 | Crypt:3  | Got the Octavo of Skeletons
 36676 | Crypt:3  | Identified the ring "Pahetot" {rF+ rN+ Will+ rCorr Dex-2}
 36676 | Crypt:3  | Identified the ring "Wassinou" {rN+ SInv}
 36685 | Crypt:3  | Identified the +1 robe of the Loofah {rPois rF++ Regen+
                  | Dex-3}
 36788 | Crypt:3  | Identified the +1 kite shield "Wofet" {+Inv Dex+9 Stlth-}
                  | (Okawaru gifted it to you on level 3 of the Crypt)
 36788 | Crypt:3  | Received a gift from Okawaru
 37204 | Elf:1    | Entered Level 1 of the Elven Halls
 37260 | Elf:1    | Identified the +11 long sword "Nenedae" {speed, rPois
                  | Stlth+}
 37276 | Elf:1    | Paralysed by an air elemental for 1 turns
 37321 | Elf:1    | Paralysed by an air elemental for 1 turns
 37442 | Elf:1    | Found Yczerch's Weapon Boutique.
 37445 | Elf:1    | Found Nenoasou's Antique Armour Shop.
 37445 | Elf:1    | Found Weodiutirih's Jewellery Boutique.
 37448 | Elf:1    | Found Xuofiep's General Store.
 37456 | Elf:1    | Bought a heavily runed cloak for 199 gold pieces
 37456 | Elf:1    | Identified the +1 cloak "Waut" {Contam Int+7 Dex-3 Stlth+}
                  | (You bought it in a shop on level 1 of the Elven Halls)
 37577 | Elf:1    | Got the Teachings on Profane Ceremonies
 38114 | Elf:2    | Found Utrat's Jewellery Shop.
 38136 | Elf:2    | Bought the ring of Generosity {rC+ MP-9 Dex+5} for 450 gold
                  | pieces
 38241 | Elf:2    | Found a frozen archway.
 38259 | IceCv    | Entered an ice cave
 38672 | Elf:2    | Found a runed translucent gate.
 38673 | Elf:2    | Found a runed translucent gate.
 38673 | Elf:2    | Found a runed translucent gate.
 38985 | Elf:2    | Noticed Asterion
 39000 | Elf:2    | Reached skill level 15 in Invocations
 39005 | Elf:2    | Killed Asterion
 39099 | Elf:2    | Received a gift from Okawaru
 39310 | Elf:2    | Lost mutation: You are vulnerable to heat. (rF-) [potion of
                  | mutation]
 39310 | Elf:2    | Gained mutation: You occasionally lose the ability to read
                  | scrolls when taking damage. [potion of mutation]
 39310 | Elf:2    | Gained mutation: You are frail. (-10% HP) [potion of
                  | mutation]
 39310 | Elf:2    | Gained mutation: You have hidden genetic potential. [potion
                  | of mutation]
 39311 | Elf:2    | Lost mutation: You occasionally lose the ability to read
                  | scrolls when taking damage. [potion of mutation]
 39311 | Elf:2    | Lost mutation: You are frail. (-10% HP) [potion of
                  | mutation]
 39311 | Elf:2    | Lost mutation: You have hidden genetic potential. [potion
                  | of mutation]
 39311 | Elf:2    | Gained mutation: Your magical capacity is low. (-10% MP)
                  | [potion of mutation]
 39343 | Elf:3    | Entered Level 3 of the Elven Halls
 39362 | Elf:3    | Received a gift from Okawaru
 39364 | Elf:3    | Reached XP level 24. HP: 152/152 MP: 30/30
 39524 | Elf:3    | Identified the +6 short sword of the Candle {drain, Will+}
 39914 | Elf:3    | Identified the ring "Tabet" {Will+ Str+2 Dex+6}
 39953 | Elf:3    | Identified the ring "Cavaoddu" {+Blink rPois MP-9 Str-3
                  | Dex+6}
 39956 | Elf:3    | Got the Elucidation of Sculpting
 40038 | Elf:3    | Identified the amulet of Ziowow {Acrobat Int+3}
 40086 | Elf:3    | Got the Exposition on Misty Resurrection
 40431 | Depths:1 | Entered Level 1 of the Depths
 40435 | Depths:1 | Acquired 887 gold pieces
 40460 | Depths:1 | Identified the +0 pair of gloves of Dyxidd {rC- Str+5}
                  | (Okawaru gifted it to you on level 1 of the Depths)
 40460 | Depths:1 | Received a gift from Okawaru
 40492 | Abyss:3  | Cast into level 3 of the Abyss (hell knight)
 40508 | Abyss:3  | Found a corrupted altar of Lugonu.
 40764 | Depths:1 | Escaped the Abyss
 40865 | Depths:1 | Found a gateway to Hell.
 41309 | Depths:2 | Identified the +0 scale mail of Defence {rF- rN+ Str+3}
 41388 | Depths:2 | Acquired 1333 gold pieces
 41449 | Depths:2 | Found a one-way gate leading to the halls of Pandemonium.
 41573 | Depths:2 | Found Bilass's General Store.
 41938 | Depths:2 | Identified the +10 falchion of Triumph {spect, rN+ Str-5
                  | Int+3} (Okawaru gifted it to you on level 2 of the Depths)
 41938 | Depths:2 | Received a gift from Okawaru
 41953 | Depths:2 | Noticed a juggernaut
 41966 | Depths:2 | Killed a juggernaut
 41973 | Depths:2 | Reached XP level 25. HP: 119/157 MP: 31/31
 42160 | Depths:3 | Identified the +5 long sword of Owar {heavy, Str+3}
 42204 | Depths:3 | Noticed a juggernaut
 42315 | Depths:3 | Noticed a juggernaut
 42323 | Depths:3 | Received a gift from Okawaru
 42330 | Depths:3 | Killed a juggernaut
 42334 | Depths:3 | Received a gift from Okawaru
 42438 | Depths:3 | Identified the +10 great sword of Qaxzusur {heavy, Int+6}
 42497 | Depths:3 | Identified the +2 pair of gloves of the Armadillo {rC++
                  | Int+7 Dex-5}
 42535 | Depths:3 | Found a one-way gateway to a ziggurat.
 42535 | Depths:3 | Noticed a dread lich
 42547 | Depths:3 | Killed a dread lich
 42635 | Depths:3 | Identified the +1 scale mail of Forking Paths {Int+5}
 42656 | Depths:3 | Found a hide-covered altar of Uskayaw.
 42932 | Depths:3 | Noticed Margery
 42943 | Depths:3 | Killed Margery
 43277 | Depths:4 | Entered Level 4 of the Depths
 43670 | Depths:4 | Identified the +3 acid dragon scales of Wobuups {rCorr
                  | Dex+2} (Okawaru gifted it to you on level 4 of the Depths)
 43670 | Depths:4 | Received a gift from Okawaru
 43967 | Depths:4 | Found a shimmering altar of Xom.
 44081 | Depths:4 | Noticed a juggernaut
 44093 | Depths:4 | Killed a juggernaut
 44112 | Depths:4 | Found a glowing golden altar of the Shining One.
 44491 | Depths:4 | Found an iron altar of Okawaru.
 44517 | Depths:4 | Found a hazy altar of Hepliaklqana.
 44601 | Depths:4 | Found a gate to the Realm of Zot.
 44782 | Hell     | Entered the Vestibule of Hell
 44783 | Hell     | Noticed Geryon
 44797 | Hell     | Reached XP level 26. HP: 143/165 MP: 31/31
 44808 | Hell     | Gained mutation: You occasionally lose the ability to drink
                  | potions when taking damage. [a cacodemon]
 45054 | Depths:4 | Lost mutation: You occasionally lose the ability to drink
                  | potions when taking damage. [potion of mutation]
 45054 | Depths:4 | Lost mutation: Your magical capacity is low. (-10% MP)
                  | [potion of mutation]
 45054 | Depths:4 | Gained mutation: Your spells are a little harder to cast,
                  | but a little more powerful. [potion of mutation]
 45054 | Depths:4 | Gained mutation: You have a pair of small antennae on your
                  | head. [potion of mutation]
 45323 | Depths:4 | Reached skill level 15 in Dodging
 45400 | Hell     | Killed Geryon
 45618 | D:12     | You paid a toll of the horn of Geryon to enter a treasure
                  | trove
 45619 | Trove    | Entered a treasure trove
 46020 | Hell     | Received a gift from Okawaru
 46029 | Hell     | Found a gateway to the decaying netherworld of Tartarus.
 46072 | Hell     | Found a gateway to the ashen valley of Gehenna.
 46126 | Hell     | Found a gateway to the Iron City of Dis.
 46166 | Hell     | Found a gateway to the freezing wastes of Cocytus.
 47023 | Vaults:5 | Entered Level 5 of the Vaults
 47126 | Vaults:4 | Received a gift from Okawaru
 47428 | Vaults:5 | Noticed a dread lich
 47452 | Vaults:4 | Killed a dread lich
 47856 | Vaults:5 | Identified the +1 tower shield of the Vaults {rN+} (Okawaru
                  | gifted it to you on level 5 of the Vaults)
 47856 | Vaults:5 | Received a gift from Okawaru
 47936 | Vaults:5 | Identified the +1 broad axe "Okegiloti" {spect, Int+2}
 48103 | Vaults:5 | Got a silver rune of Zot
 48146 | Vaults:5 | Identified the +2 helmet of Analysis {rCorr}
 48205 | Vaults:5 | Reached XP level 27. HP: 125/172 MP: 35/35
 48401 | Vaults:5 | Identified the +9 quarterstaff of the Moon {freeze, Will+
                  | rCorr Int+2 Dex-2}
 48493 | Vaults:5 | Identified the +3 plate armour of Death's Door {rF+}
 48496 | Vaults:5 | Identified the +1 great mace of Past Mistakes {holy, rPois
                  | rF- rCorr Str-4}
 49240 | Zot:1    | Entered Level 1 of the Realm of Zot
 49821 | Zot:1    | Identified the +11 sling "Impslayer" {elec, rF+ rCorr Int+3
                  | Stlth+}
 51066 | Zot:3    | Noticed an orb of fire
 51200 | Zot:3    | Noticed an orb of fire
 51521 | Zot:3    | Noticed an orb of fire
 51525 | Zot:3    | Gained mutation: You occasionally lose the ability to drink
                  | potions when taking damage. [an orb of fire]
 51535 | Zot:3    | Killed an orb of fire
 51668 | Zot:3    | Gained mutation: You are frail. (-10% HP) [an orb of fire]
 51669 | Zot:3    | Killed an orb of fire
 51689 | Zot:3    | Gained mutation: You are clumsy. (Dex -2) [an orb of fire]
 51702 | Zot:3    | Killed an orb of fire
 51702 | Zot:3    | Identified the +1 plate armour of Depression {rElec rCorr
                  | Int-2 Stlth+} (Okawaru gifted it to you on level 3 of the
                  | Realm of Zot)
 51702 | Zot:3    | Received a gift from Okawaru
 51706 | Zot:2    | Lost mutation: You occasionally lose the ability to drink
                  | potions when taking damage. [potion of mutation]
 51706 | Zot:2    | Lost mutation: You are frail. (-10% HP) [potion of
                  | mutation]
 51706 | Zot:2    | Gained mutation: You are partially covered in iridescent
                  | scales. (AC +2) [potion of mutation]
 51706 | Zot:2    | Gained mutation: Your mind is acute. (Int +4, Str/Dex -1)
                  | [potion of mutation]
 51706 | Zot:2    | Gained mutation: Your spells are harder to cast, but more
                  | powerful. [potion of mutation]
 51706 | Zot:2    | Gained mutation: You have an increased reservoir of magic.
                  | (+10% MP) [potion of mutation]
 51707 | Zot:2    | Lost mutation: You are partially covered in iridescent
                  | scales. (AC +2) [potion of mutation]
 51707 | Zot:2    | Lost mutation: Your mind is acute. (Int +4, Str/Dex -1)
                  | [potion of mutation]
 51707 | Zot:2    | Lost mutation: You have an increased reservoir of magic.
                  | (+10% MP) [potion of mutation]
 51707 | Zot:2    | Gained mutation: You are dopey. (Int -2) [potion of
                  | mutation]
 51707 | Zot:2    | Gained mutation: You do not regenerate when monsters are
                  | visible. [potion of mutation]
 51708 | Zot:2    | Lost mutation: Your spells are harder to cast, but more
                  | powerful. [potion of mutation]
 51708 | Zot:2    | Lost mutation: Your spells are a little harder to cast, but
                  | a little more powerful. [potion of mutation]
 51708 | Zot:2    | Lost mutation: You are clumsy. (Dex -2) [potion of
                  | mutation]
 51708 | Zot:2    | Gained mutation: You expend magic power (3 MP) to
                  | strengthen your wands. [potion of mutation]
 51709 | Zot:2    | Lost mutation: You have a pair of small antennae on your
                  | head. [potion of mutation]
 51709 | Zot:2    | Lost mutation: You do not regenerate when monsters are
                  | visible. [potion of mutation]
 51709 | Zot:2    | Lost mutation: You are dopey. (Int -2) [potion of mutation]
 51709 | Zot:2    | Gained mutation: You are robust. (+10% HP) [potion of
                  | mutation]
 52884 | Slime:1  | Entered Level 1 of the Pits of Slime
 52914 | Slime:1  | Lost mutation: You are robust. (+10% HP) [a shining eye]
 52946 | Slime:1  | Gained mutation: You are dopey. (Int -2) [a shining eye]
 55971 | Slime:5  | Entered Level 5 of the Pits of Slime
 56010 | Slime:5  | Gained mutation: Your magical capacity is low. (-10% MP) [a
                  | shining eye]
 56030 | Slime:5  | Gained mutation: You are frail. (-10% HP) [a shining eye]
 56087 | Slime:5  | Gained mutation: You have hidden genetic defects. [a
                  | shining eye]
 56384 | Slime:5  | Reached skill level 15 in Evocations
 56386 | Slime:5  | Noticed the Royal Jelly
 56415 | Slime:5  | Killed the Royal Jelly
 56466 | Slime:5  | Found the +8 arc blade {discharge, rElec}
 56477 | Slime:5  | Got the Atlas of Fateful Shaping
 56507 | Slime:5  | Got the Atlas of Aeromancy
 56522 | Slime:5  | Identified the +5 buckler of the Tanner {rF- rCorr MP+9
                  | Str-2}
 56543 | Slime:5  | Got a slimy rune of Zot
 56569 | Slime:5  | Identified the +10 arbalest of World's End {drain, rF+++
                  | rN+ MP+9 Str-4 Int-5}
 56843 | Lair:2   | Lost mutation: Your magical capacity is low. (-10% MP)
                  | [potion of mutation]
 56843 | Lair:2   | Lost mutation: You expend magic power (3 MP) to strengthen
                  | your wands. [potion of mutation]
 56843 | Lair:2   | Gained mutation: You occasionally lose the ability to read
                  | scrolls when taking damage. [potion of mutation]
 56843 | Lair:2   | Gained mutation: You have an increased reservoir of magic.
                  | (+10% MP) [potion of mutation]
 56843 | Lair:2   | Gained mutation: You are strong-willed. (Will+) [potion of
                  | mutation]
 57330 | Zot:4    | Gained mutation: You have terrible hidden genetic defects.
                  | [hidden defects]
 57374 | Zot:4    | Received a gift from Okawaru
 57732 | Zot:5    | Entered Level 5 of the Realm of Zot
 58066 | Zot:5    | Gained mutation: Potions are less effective at restoring
                  | your health. [hidden defects]
 58066 | Zot:5    | Lost mutation: You have terrible hidden genetic defects.
                  | [hidden defects expressed]
 58100 | Zot:5    | Lost mutation: You have hidden genetic defects. [potion of
                  | mutation]
 58100 | Zot:5    | Lost mutation: You are frail. (-10% HP) [potion of
                  | mutation]
 58100 | Zot:5    | Lost mutation: You are dopey. (Int -2) [potion of mutation]
 58100 | Zot:5    | Gained mutation: Your spells are a little easier to cast,
                  | but a little less powerful. [potion of mutation]
 58100 | Zot:5    | Lost mutation: Potions are less effective at restoring your
                  | health. [potion of mutation]
 58195 | Zot:5    | Noticed an ancient lich
 58207 | Zot:5    | Killed an ancient lich
 58229 | Zot:5    | Noticed an ancient lich
 58245 | Zot:5    | Killed an ancient lich
 58312 | Zot:5    | Noticed an orb of fire
 58319 | Zot:5    | Killed an orb of fire
 58326 | Zot:5    | Noticed an ancient lich
 58336 | Zot:5    | Killed an ancient lich
 58398 | Zot:5    | Noticed a dread lich
 58408 | Zot:5    | Killed a dread lich
 58438 | Zot:5    | Noticed an ancient lich
 58450 | Zot:5    | Killed an ancient lich
 58508 | Zot:5    | Identified the +3 scimitar of the Ghost {flame, rN+ Int+2}
                  | (Okawaru gifted it to you on level 5 of the Realm of Zot)
 58508 | Zot:5    | Received a gift from Okawaru
 58537 | Zot:5    | Noticed an orb of fire
 58537 | Zot:5    | Gained mutation: You do not regenerate when monsters are
                  | visible. [an orb of fire]
 58541 | Zot:5    | Gained mutation: You are dopey. (Int -2) [an orb of fire]
 58542 | Zot:5    | Noticed an orb of fire
 58542 | Zot:5    | Noticed a dread lich
 58542 | Zot:5    | Noticed an orb of fire
 58547 | Zot:5    | Gained mutation: You are vulnerable to cold. (rC-) [an orb
                  | of fire]
 58801 | Zot:5    | Gained mutation: Your body sometimes deteriorates upon
                  | taking damage. [an orb of fire]
 58807 | Zot:5    | Killed an orb of fire
 58818 | Zot:5    | Gained mutation: You are frail. (-10% HP) [an orb of fire]
 58820 | Zot:5    | Gained mutation: You occasionally shout uncontrollably at
                  | your foes. [an orb of fire]
 58821 | Zot:5    | Killed an orb of fire
 58848 | Zot:5    | Killed an orb of fire
 58858 | Zot:5    | Killed a dread lich
 59025 | Zot:5    | Noticed an ancient lich
 59036 | Zot:5    | Killed an ancient lich
 59062 | Zot:5    | HP: 4/158 [Orb Guardian (10)]
 59067 | Zot:5    | Slain by an Orb Guardian

Illustrated notes

Levels and vault maps discovered:
D:1:      matt_arrival_los_fun, layout_rooms, minmay_pentomino_r4
D:2:      layout_loops_corners, chequers_big_river
D:3:      minmay_door_path, layout_rooms, nicolae_overflow_two_pavilions,
          uniq_sigmund
D:4:      layout_basic, general_overflow_altar, lightli_minifort
D:5:      layout_gridville, nicolae_overflow_crystal_walls, temple_green,
          gup_sewer_entry_spiral, uniq_duvessa
D:6:      layout_basic, nicolae_qazlal_style_of_elements, serial_shops, shop,
          corexii_shack
D:7:      layout_loops_corners, uniq_crazy_yiuf_cottage
D:8:      layout_loops_corners
D:9:      layout_rooms, david_orc_5, uniq_amaemon, uniq_maurice
D:10:     layout_roguey, serial_glass, glass_columns_c, glass_columns_a,
          glass_columns_a, glass_columns_a, glass_columns_a, glass_columns_a,
          glass_columns_a, glass_columns_c, glass_columns_a, glass_columns_c,
          small_chamber_with_monster
D:11:     layout_stronghold, david_lair_generic, serial_column_ruins,
          column_ruins_corridor_dead_end, column_ruins_grid_1,
          column_ruins_columns_straight, column_ruins_open_tiny,
          column_ruins_open_small
D:12:     layout_basic, nicolae_trove_entry_crossroad,
          biasface_ghost_orc_armoury, uniq_rupert
D:13:     layout_long_grid, david_vaults_2, dreamdust_mushroom_princess,
          nicolae_elemental_shop
D:14:     layout_loops_corners, okawaru_ov_weapons_minmay, st_stairs_6,
          kennysheep_generic_room_16
D:15:     grunt_enter_depths_snipers, layout_rooms, nicolae_titane
Temple:   minmay_crystal_spiral_temple
Lair:1:   layout_regular_city, chequers_serial_rivers_marsh, tgw_fedhas,
          serial_bayou_shore_a
Lair:2:   layout_regular_city, pdpol_lair_cabin_in_the_woods, uniq_urug
Lair:3:   layout_loops_ring, minmay_swamp_entry_reptiles, dummy_snake_entry,
          gauntlet_entry_generic, eino_house_with_fridge, lemuel_fruit_tree
Lair:4:   layout_cave_pods, slime_entry_1
Lair:5:   evilmike_catoblepas_cave, layout_concentric_octagons, special_room
          [special_room_jelly]
Swamp:1:  layout_basic_swamp, evilmike_swamp_ruin_house_3, uniq_roxanne
Swamp:2:  layout_falls_marsh, evilmike_swamp_ruin_house_5, swamp_pool5,
          uniq_nikola
Swamp:3:  layout_basic_swamp, evilmike_swamp_ruin_rubble_2,
          infiniplex_staircase_pool, uniq_bai_suzhen, uniq_jorgrun
Swamp:4:  grunt_swamp_rune_castle, layout_basic_swamp
Snake:1:  layout_honeycomb, minmay_shop_star, uniq_donald, uniq_josephine,
          uniq_agnes
Snake:2:  layout_onion_interference, ebering_ghost_gozag, uniq_louise
Snake:3:  layout_rooms, serial_shops, shop, minmay_shop_grove
Snake:4:  grunt_snake_rune_pools, layout_chambers, serial_bayou_shore_b
Slime:1:  layout_caves
Slime:2:  layout_caves
Slime:3:  cheibrodos_slime_lost_civilization_2, layout_caves
Slime:4:  layout_caves, nicolae_slime_phagocytosis
Slime:5
Orc:1:    layout_caves, serial_shops, nicolae_shop_hallway_stairs,
          minmay_orc_barracks
Orc:2:    st_orc_mages, layout_caves, kennysheep_orc_chapel
Elf:1:    eino_elf_arrival_customs, layout_loops_cross, minmay_elf_necromancy,
          minmay_shoptagon
Elf:2:    nicolae_elf_blades_crystal_corner, layout_geoelf_diagonals,
          serial_shops, shop, portal_ice_cave_entry_pillars_three,
          amethyst_killhole, uniq_asterion
Elf:3:    minmay_elf_hall_dome, layout_gridlike
Vaults:1: v_misc_31, vaults_room_grunt_arrival_ludios,
          nicolae_vaults_circle_grid_a, vaults_room_door_hall, v_misc_14,
          nicolae_vaults_little_squares_4, vaults_mumra_chevron,
          vaults_room_ringed_pool, hangedman_vaults_nails,
          vaults_room_hangedman_quadrants, ontoclasm_vaults_ligature,
          nicolae_vaults_shelves_hall, layout_vaults_big_cross
Vaults:2: portal_desolation_entry_salt, grunt_vaults_twisty,
          nicolae_vaults_what_the_h, minmay_crypt_entry_simple_statues,
          vaults_mumra_hexcomb, nicolae_vaults_ring_of_whatevers, v_misc_10,
          vaults_room_fours, vaults_mumra_chevron_long, dpeg_vaults_monster_box,
          ontoclasm_vaults_twist, nicolae_vaults_little_squares_3, serial_ice_m,
          nicolae_vaults_asterisk, layout_vaults_big_room, uniq_xtahua
Vaults:3: vaults_room_pools, nicolae_vaults_yaktaur_gun_rack, v_misc_5,
          nicolae_vaults_triangles, ontoclasm_vaults_ring_large,
          grunt_vaults_diagonal, vaults_standard_mumra_enter_the_diamond,
          st_cross, hangedman_vaults_nails, hangedman_vaults_capsules,
          layout_vaults_omnibox, uniq_aizul
Vaults:4: nicolae_vaults_circle_grid_a, nicolae_vaults_circle_grid_b,
          nicolae_vaults_gold_heap, vaults_room_corners, v_misc_28,
          st_hourglassy, v_misc_22, layout_vaults_ring, serial_shops,
          shop_fountains
Vaults:5
Crypt:1:  layout_catacombs, roderic_lattice_octagonal_star
Crypt:2:  layout_gridlike, gammafunk_ghost_abyssal_escape
Crypt:3:  david_glass_crypt, layout_gridlike
Depths:1: layout_cave_pools, hell_entry, grunt_ministairs_4,
          serial_bayou_shore_b
Depths:2: minmay_concentric_multi, layout_cave_shapes, serial_shops,
          nicolae_take_the_stairs, minmay_misc_feat_rows,
          rand_demon_pan_entry_7, hell_entry, uniq_josephina
Depths:3: minmay_the_grid_octo_tiled_squarecenter_mashed
          [minmay_the_grid_octo_concentric, minmay_the_grid_octo_horde,
          minmay_the_grid_octo_77, minmay_the_grid_octo_thin_diamonds,
          minmay_the_grid_square_5x5_megaprize_diamond,
          minmay_the_grid_square_5x5_c,
          minmay_the_grid_square_5x5_almost_minimal,
          minmay_the_grid_square_5x5_inverted_slash,
          minmay_the_grid_square_5x5_fat_x], layout_honeycomb, enter_ziggurat_c,
          abandoned_shop, hell_entry, nicolae_abyss_entry_one_way_or_another,
          nicolae_uskayaw_murder_on_the_dancefloor, uniq_margery
Depths:4: grunt_profane_halls [grunt_profane_temple_tar,
          grunt_profane_temple_geh, grunt_profane_temple_dis,
          grunt_profane_temple_coc, grunt_zot_portal], abyss_entry, hell_entry
Hell
Zot:1:    layout_twisted_circle, grunt_megastairs_2
Zot:2:    layout_gridlike, zot_minivault_5, grunt_megastairs_5
Zot:3:    layout_onion_interference, nicolae_rock_paper_scissors
Zot:4:    layout_misc_corridors
Zot:5:    layout_gridlike

Skill      XL: |  1  2  3  4  5  6  7  8  9 10 11 12 13 14 15 16 17 18 19 20 21 22 23 24 25 26 27 |
---------------+----------------------------------------------------------------------------------+-----
Long Blades    | 2 3 4 5 6 7 8 9 10 11 12 13 14 15 16 17 18 19 20 22 | 22.0
Shields        | 4 5 6 7 9 10 11 12 13 14 15 16 17 18 19 20 21 22 23 25 | 25.8
Armour         | 4 5 6 7 9 10 11 12 13 14 15 16 17 18 19 20 21 22 23 25 | 25.7
Dodging        | 1 2 3 4 5 7 8 9 10 11 12 13 14 15 16 | 16.5
Fighting       | 4 5 6 7 8 9 10 11 12 13 14 15 16 17 19 | 19.1
Invocations    | 2 3 4 5 6 7 8 9 10 11 12 13 14 15 16 17 | 17.6
Evocations     | 1 2 4 5 6 7 8 9 10 11 12 13 14 15 | 15.6

Action                     |  1- 3 |  4- 6 |  7- 9 | 10-12 | 13-15 | 16-18 | 19-21 | 22-24 | 25-27 || total
---------------------------+-------+-------+-------+-------+-------+-------+-------+-------+-------++-------
  Melee: Long sword        |   123 |   123 |   515 |   557 |       |       |       |       |       ||  1318
         Demon blade       |       |       |       |   148 |       |       |       |       |       ||   148
         Double sword      |       |       |       |       |   908 |  1213 |  1252 |  1708 |  2522 ||  7603
 Invoke: Heroism           |       |       |     1 |    18 |     7 |    17 |    11 |    11 |    29 ||    94
         Finesse           |       |       |       |     1 |     2 |     3 |     5 |     3 |    12 ||    26
  Evoke: Wand              |       |       |       |     5 |    28 |       |     8 |     4 |    28 ||    73
         Condenser vane    |       |       |       |     1 |     1 |     3 |     5 |     2 |     6 ||    18
         Lightning rod     |       |       |       |       |     4 |       |       |     4 |       ||     8
         Tin of tremorston |       |       |       |       |     1 |     5 |     6 |     5 |     6 ||    23
    Use: Scroll            |     4 |    10 |     7 |     6 |    11 |     7 |     5 |     8 |    24 ||    82
         Potion            |       |     1 |     1 |     2 |     3 |     5 |     2 |     5 |    20 ||    39
   Stab: Paralysed         |       |       |       |       |       |     1 |       |     1 |       ||     2
         Confused          |       |       |       |       |       |       |       |       |     3 ||     3
 Armour: Scale mail        |    25 |       |       |       |       |       |       |       |       ||    25
         Chain mail        |    51 |    74 |   353 |    50 |       |       |       |       |       ||   528
         Skin              |       |    30 |       |       |       |       |       |       |       ||    30
         Plate armour      |       |       |       |   453 |   742 |  1035 |   938 |   723 |       ||  3891
         Gold dragon scale |       |       |       |       |       |       |       |   535 |  2181 ||  2716
  Dodge: Dodged            |    68 |    43 |   193 |   269 |   463 |   821 |   759 |  1026 |  1774 ||  5416
  Block: Buckler           |    26 |    35 |   166 |   259 |    81 |       |       |       |       ||   567
         Kite shield       |       |       |       |       |   749 |  1480 |  1642 |  2304 |  3716 ||  9891
         Reflection        |       |       |       |       |       |   106 |    49 |    49 |    55 ||   259

Table legend: (Time is in decaauts)
 A = Elapsed time spent in this place.
 B = Non-inter-level travel time spent in this place.
 C = Inter-level travel time spent in this place.
 D = Time resting spent in this place.
 E = Time spent auto-exploring this place.
 F = Levels seen in this place.
 G = Mean time per level.
                   A        B        C        D        E       F      G
               +--------+--------+--------+--------+--------+-----+--------+
         Total |  60074 |  51735 |   8339 |   1871 |  25357 |  65 |  924.2 |
       Dungeon |  16109 |  13486 |   2623 |    272 |   8746 |  15 | 1073.9 |
        Temple |    214 |    139 |     75 |      0 |    112 |   1 |  214.0 |
          Lair |   6305 |   5094 |   1211 |     77 |   2924 |   5 | 1261.0 |
         Swamp |   2209 |   2067 |    142 |      0 |   1062 |   4 |  552.2 |
     Snake Pit |   4249 |   3938 |    311 |      0 |   1648 |   4 | 1062.2 |
    Slime Pits |   1977 |   1808 |    169 |     96 |    814 |   5 |  395.4 |
  Orcish Mines |   1544 |   1285 |    259 |      0 |    642 |   2 |  772.0 |
   Elven Halls |   3334 |   2560 |    774 |      0 |   1221 |   3 | 1111.3 |
        Vaults |   7118 |   6168 |    950 |    265 |   3129 |   5 | 1423.6 |
         Crypt |   3245 |   2997 |    248 |     38 |   1668 |   3 | 1081.7 |
        Depths |   5527 |   4522 |   1005 |    618 |   1138 |   4 | 1381.8 |
          Hell |    643 |    631 |     12 |      0 |    303 |   1 |  643.0 |
           Zot |   5045 |   4490 |    555 |    505 |   1193 |   5 | 1009.0 |
         Abyss |    454 |    454 |      0 |      0 |      0 |   3 |  151.3 |
         Trove |     37 |     37 |      0 |      0 |      0 |   1 |   37.0 |
         Sewer |    417 |    417 |      0 |      0 |    268 |   1 |  417.0 |
      Ice Cave |    271 |    271 |      0 |      0 |     57 |   1 |  271.0 |
    Desolation |   1072 |   1072 |      0 |      0 |    273 |   1 | 1072.0 |
      Gauntlet |    295 |    295 |      0 |      0 |    159 |   1 |  295.0 |
               +--------+--------+--------+--------+--------+-----+--------+

Top non-repeatable levels by time:
Depths:4: 2148 daAuts
    D:11: 1752 daAuts
Vaults:4: 1725 daAuts
Vaults:1: 1635 daAuts
   Zot:2: 1567 daAuts
 Snake:4: 1524 daAuts
    D:12: 1410 daAuts
   Elf:1: 1410 daAuts
Vaults:5: 1391 daAuts
     D:6: 1334 daAuts
  Lair:1: 1332 daAuts
  Lair:2: 1307 daAuts
Depths:3: 1303 daAuts
 Crypt:1: 1276 daAuts
  Lair:4: 1224 daAuts
